[Event "*** Titled Tuesday Blitz"]
[Site "Chess.com"]
[Date "2020.04.28"]
[Round "7"]
[White "okriak"]
[Black "eldur16"]
[Result "1-0"]
[WhiteElo "2829"]
[BlackElo "2582"]
[TimeControl "180+1"]
[EndTime "11:15:28 PDT"]
[Termination "okriak won by resignation"]

1. Nf3 Nf6 2. c4 b6 3. g3 c5 4. Bg2 Bb7 5. O-O g6 6. Nc3 Bg7 7. d4 cxd4 8. Qxd4 d6 9. Qh4 h6 10. Rd1 Nbd7 11. Be3 Rc8 12. Rac1 a6 13. b3 Nc5 14.
Nd5 Bxd5 15. cxd5 g5 16. Qb4 O-O 17. Nd4 a5 18. Qb5 Ng4 19. Nc6 Qc7 20. Bxc5 dxc5 21.
Bh3 h5 22. Qc4 Qd7 23. f3 Rxc6 24. dxc6 Bd4+ 25. Rxd4 1-0

[Event "*** Titled Tuesday Blitz"]
[Site "Chess.com"]
[Date "2020.04.28"]
[Round "7"]
[White "MikaelyanArman"]
[Black "Jeffinho023"]
[Result "1-0"]
[WhiteElo "2752"]
[BlackElo "2559"]
[TimeControl "180+1"]
[EndTime "11:15:28 PDT"]
[Termination "MikaelyanArman won by resignation"]

1. e4 e5 2. Nf3 Nf6 3. Nc3 Nc6 4. Be2 Bc5 5. Nxe5 Nxe5 6. d4 Bd6 7. dxe5 Bxe5 8.
Nb5 c6 9. Nd6+ Bxd6 10. Qxd6 Qe7 11. e5 Qxd6 12. exd6 O-O 13. O-O Re8 14. Bf3 b6 15.
Bf4 Ba6 16. Rfe1 Rxe1+ 17. Rxe1 Re8 18. Rxe8+ Nxe8 19. Bxc6 Nxd6 20. Bxd7 Nc4 21. b3 Na3 22. c4 Bb7 23. Bf5 1-0

[Event "*** Titled Tuesday Blitz"]
[Site "Chess.com"]
[Date "2020.04.28"]
[Round "7"]
[White "semchik73"]
[Black "CraiggoryC"]
[Result "1-0"]
[WhiteElo "2225"]
[BlackElo "2061"]
[TimeControl "180+1"]
[EndTime "11:15:32 PDT"]
[Termination "semchik73 won by resignation"]

1. Nf3 Nf6 2. c4 c6 3. Nc3 d5 4.
e3 Bg4 5. cxd5 cxd5 6. Qb3 Bxf3 7. Qxb7 Nbd7 8. gxf3 e6 9. Nb5 Rb8 10. Nc7+ Ke7 11.
Qxa7 Qc8 12. Ba6 Qd8 13. b3 Ne8 14. Ba3+ Nd6 15. Nb5 Rxb5 16. Bxb5 Ke8 17. Qxd7+ 1-0

[Event "*** Titled Tuesday Blitz"]
[Site "Chess.com"]
[Date "2020.04.28"]
[Round "7"]
[White "r31415"]
[Black "Frogo47"]
[Result "0-1"]
[WhiteElo "2346"]
[BlackElo "2489"]
[TimeControl "180+1"]
[EndTime "11:15:33 PDT"]
[Termination "Frogo47 won by resignation"]

1. e4 e5 2. Nf3 Nc6 3. Bc4 Nf6 4. d3 h6 5. c3 Bc5 6. O-O d6 7. d4 Bb6 8. dxe5 Nxe5 9. Nxe5 dxe5 10. Qxd8+ Kxd8 11. Bxf7 Rf8 12. Bg6 Ng4 13. Bf5 Nxf2 14.
Rxf2 Bxf5 15. Nd2 Bg4 16. Nf3 Bxf3 0-1

[Event "*** Titled Tuesday Blitz"]
[Site "Chess.com"]
[Date "2020.04.28"]
[Round "7"]
[White "Saloni1299"]
[Black "LizaSolovyova"]
[Result "1/2-1/2"]
[WhiteElo "2342"]
[BlackElo "2538"]
[TimeControl "180+1"]
[EndTime "11:15:34 PDT"]
[Termination "Game drawn by repetition"]

1. e4 e5 2. Nf3 d6 3. d4 Qe7 4.
Nc3 c6 5. Bd3 h6 6. O-O Nf6 7. a3 Bg4 8. Be3 Qc7 9. h3 Bh5 10.
Be2 g5 11. Nh2 Bg6 12. Ng4 Nbd7 13. Nxf6+ Nxf6 14. f3 Be7 15. Qe1 Nh5 16. g3 Ng7 17. Qf2 f5 18. dxe5 dxe5 19. Bxa7 f4 20. Bb6 Qc8 21.
g4 Bf7 22. Kg2 Be6 23. Bc5 Qc7 24. Bb6 Qc8 25. Bc5 Qc7 26. Bb6 Qc8 1/2-1/2

[Event "*** Titled Tuesday Blitz"]
[Site "Chess.com"]
[Date "2020.04.28"]
[Round "7"]
[White "1f3_2g41-0"]
[Black "NIGWAPO"]
[Result "1-0"]
[WhiteElo "2256"]
[BlackElo "2585"]
[TimeControl "180+1"]
[EndTime "11:15:40 PDT"]
[Termination "1f3_2g41-0 won by resignation"]

1. e4 g5 2. d4 d5 3. exd5 Qxd5 4. Nc3 Qe6+ 5. Be2 h6 6. Be3 c6 7. d5 cxd5 8. Nxd5 Qd6 9. c4 Be6 10. Bd4 Bxd5 11. cxd5 Nf6 12. Nf3 Bg7 13. O-O Nbd7 14. Rc1 O-O 15. Bc4 a6 16. Bb3 Rac8 17. Bc3 Nc5 18. Be5 Qd7 19. Qd4 Nxb3 20. axb3 Rfd8 21. Rxc8 Rxc8 22. Rd1 Ne8 23. Bxg7 Nxg7 24. Ne5 Qb5 25. Ng4 Qxb3 26. Nxh6+ Kh7 27. Nxf7 Nf5 28. Qg4 Rc4 29. Qxf5+ Kg7 30. Rf1 Qxb2 31. Ne5 Rf4 32. Qxg5+ 1-0

[Event "*** Titled Tuesday Blitz"]
[Site "Chess.com"]
[Date "2020.04.28"]
[Round "7"]
[White "Moon_stone123"]
[Black "kosmeg"]
[Result "1-0"]
[WhiteElo "2514"]
[BlackElo "2386"]
[TimeControl "180+1"]
[EndTime "11:15:40 PDT"]
[Termination "Moon_stone123 won by resignation"]

1. Nf3 d5 2. g3 c6 3. Bg2 Bg4 4. O-O e6 5. d3 Nf6 6. Nbd2 Be7 7. c4 O-O 8. b3 a5 9. a3 Na6 10. Bb2 Re8 11. Ne5 Bh5 12. Ndf3 Nd7 13. Nxd7 Qxd7 14. Ne5 Qc7 15. f4 Nc5 16. cxd5 exd5 17. g4 f6 18.
gxh5 fxe5 19. Bxe5 Bd6 20. d4 Ne6 21. e3 Bxe5 22.
fxe5 Rf8 23. Qg4 Qe7 24. h6 g6 25. h4 Kh8 26. Bh3 Nc7 27. Qg5 Qxg5+ 28. hxg5 Rxf1+ 29. Rxf1 Kg8 30. Rf6 Rf8 31. Rd6 Nb5 32. Rd7 Nxa3 33. Be6+ Kh8 34. Bf7 1-0

[Event "*** Titled Tuesday Blitz"]
[Site "Chess.com"]
[Date "2020.04.28"]
[Round "7"]
[White "Diego_FloresQ"]
[Black "jguerramzllo"]
[Result "0-1"]
[WhiteElo "2417"]
[BlackElo "2604"]
[TimeControl "180+1"]
[EndTime "11:15:41 PDT"]
[Termination "jguerramzllo won by resignation"]

1. e4 e5 2. Nf3 Nc6 3. Bb5 Nf6 4. O-O Nxe4 5. d4 Nd6 6. dxe5 Nxb5 7. a4 d6 8. e6 Bxe6 9. axb5 Ne5 10. Ng5 Be7 11. Nxe6 fxe6 12. Qe2 O-O 13. f4 Nf7 14. Qxe6 Bf6 15. Nc3 c6 16. bxc6 bxc6 17. Qh3 Qb6+ 18.
Kh1 Rfe8 19. Bd2 Qxb2 20. Rfb1 Qxc2 0-1

[Event "*** Titled Tuesday Blitz"]
[Site "Chess.com"]
[Date "2020.04.28"]
[Round "7"]
[White "1977Ivan"]
[Black "MateSchmate"]
[Result "1-0"]
[WhiteElo "2646"]
[BlackElo "2473"]
[TimeControl "180+1"]
[EndTime "11:15:42 PDT"]
[Termination "1977Ivan won by checkmate"]

1. e4 e6 2. Nf3 d5 3. e5 c5 4. c3 Nc6 5. Na3 f6 6. Bb5 a6 7. Bxc6+ bxc6 8. O-O a5 9. Re1 f5 10. d3 Ne7 11. h4 d4 12. Nc4 Nd5 13.
cxd4 cxd4 14. Bg5 Be7 15. Nd6+ Kf8 16. Rc1 Bd7 17. Qd2 h6 18. Bxe7+ Qxe7 19. h5 g5 20.
hxg6 Kg7 21. Nxd4 Rab8 22. Nxc6 Bxc6 23. Rxc6 Rhd8 24. Rec1 Nb4 25. Rc7 Rd7 26. Nf7 Kxg6 27. Qxh6+ Kxf7 28. Rxd7 Qxd7 29. Qh7+ Ke8 30. Qg8+ Ke7 31.
Qxb8 Nd5 32. Rc8 Kf7 33. Rh8 Kg6 34. Qg8+ Qg7 35. Qxe6+ Kg5 36. Rg8 Nf4 37. Rxg7+ Kh4 38. Qh6+ Nh5 39. Qg5# 1-0

[Event "*** Titled Tuesday Blitz"]
[Site "Chess.com"]
[Date "2020.04.28"]
[Round "7"]
[White "Chepaschess"]
[Black "Tapuah"]
[Result "0-1"]
[WhiteElo "2663"]
[BlackElo "2841"]
[TimeControl "180+1"]
[EndTime "11:15:44 PDT"]
[Termination "Tapuah won by resignation"]

1. d4 Nf6 2. c4 g6 3. Nc3 Bg7 4. e4 d6 5. h3 Nbd7 6. Be3 e5 7. d5 Nc5 8. Qc2 h5 9. Nf3 a5 10. Be2 Qe7 11. Ng5 Bd7 12. O-O-O O-O 13. g4 h4 14. Nf3 c6 15. Kb1 Rfc8 16. Bg5 Qe8 17. Nxh4 cxd5 18. exd5 b5 19. cxb5 Nce4 20. Bd2 Nxf2 21. g5 Nxd5 22. Bf3 e4 0-1

[Event "*** Titled Tuesday Blitz"]
[Site "Chess.com"]
[Date "2020.04.28"]
[Round "7"]
[White "abubakrtagelsir"]
[Black "Funkmaus"]
[Result "0-1"]
[WhiteElo "2346"]
[BlackElo "2216"]
[TimeControl "180+1"]
[EndTime "11:15:47 PDT"]
[Termination "Funkmaus won by resignation"]

1. Nf3 c6 2. g3 d5 3. Bg2 Nf6 4.
O-O Bf5 5. d3 e6 6. b3 Nbd7 7.
Bb2 Be7 8. Nbd2 a6 9. Nh4 Bg6 10. e4 dxe4 11. dxe4 O-O 12. Qe2 Nc5 13. Nxg6 hxg6 14.
Rad1 Qc7 15. a4 a5 16. Nc4 Rad8 17. Be5 Qc8 18. Nxa5 Rxd1 19. Rxd1 Rd8 20. Rxd8+ Qxd8 21. Nc4 b5 22. axb5 cxb5 23. Nd2 b4 24. Nc4 Qa8 25. h3 Nfxe4 26. Bd6 Bxd6 27. Nxd6 Qa1+ 28. Kh2 Nxd6 29. Qe3 Qc3 30. Qxc3 bxc3 31. Bc6 Nxb3 0-1

[Event "*** Titled Tuesday Blitz"]
[Site "Chess.com"]
[Date "2020.04.28"]
[Round "7"]
[White "Art10ECHR"]
[Black "SummertimeFun"]
[Result "1-0"]
[WhiteElo "2405"]
[BlackElo "2393"]
[TimeControl "180+1"]
[EndTime "11:15:48 PDT"]
[Termination "Art10ECHR won by checkmate"]

1. c4 Nf6 2. g3 e6 3. Bg2 Be7 4. Nf3 O-O 5. O-O d5 6. b3 c5 7. cxd5 Nc6 8. dxc6 bxc6 9. Bb2 Nd5 10. Ne5 Bb7 11.
Nc3 Bf6 12. Nc4 Qc7 13. Qc1 Rad8 14. Ne4 Bxb2 15. Qxb2 Ba6 16. Nxc5 Bxc4 17. bxc4 Nf6 18. d3 Rb8 19. Qc3 Qb6 20. Ne4 Nxe4 21. Bxe4 Qb2 22.
Qxb2 Rxb2 23. Rfb1 Rxe2 24. Kf1 Rc2 25. Rb7 g6 26. Bxc6 Rc3 27. Ke2 Rd8 28. Rd1 e5 29.
Bd5 Rf8 30. Rxa7 Rc2+ 31. Rd2 Rc1 32. Rb2 Kg7 33. Rbb7 Kh6 34. Rxf7 Rb8 35. Rxh7+ Kg5 36. h4+ Kf5 37. Raf7+ Kg4 38. Be6# 1-0

[Event "*** Titled Tuesday Blitz"]
[Site "Chess.com"]
[Date "2020.04.28"]
[Round "7"]
[White "Lysiak_Poltorak"]
[Black "XDPS"]
[Result "1/2-1/2"]
[WhiteElo "2375"]
[BlackElo "2770"]
[TimeControl "180+1"]
[EndTime "11:15:54 PDT"]
[Termination "Game drawn by agreement"]

1. e4 c5 2. Nf3 e6 3. d4 cxd4 4. Nxd4 a6 5. Nc3 Qc7 6. g3 d6 7. Bg2 Nf6 8. O-O Be7 9. Re1 Nc6 10. Nxc6 bxc6 11. e5 dxe5 12. Rxe5 O-O 13. Bf4 Bd6 14. Rxe6 Bxe6 15. Bxd6 Qb7 16. Bxf8 Qxb2 17. Bxg7 Kxg7 18. Ne4 Rd8 19. Qc1 Qxc1+ 20. Rxc1 Bxa2 21. Nxf6 Kxf6 22. Bxc6 Bc4 23. Be4 h6 24. Bd3 Bxd3 25. cxd3 Rxd3 26. Rc6+ Kg7 27. Rxa6 Rd1+ 28. Kg2 Rd2 29. h4 h5 30. Ra4 Kg6 31. Re4 Rc2 32. Rd4 f6 33. Kf3 Ra2 1/2-1/2

[Event "*** Titled Tuesday Blitz"]
[Site "Chess.com"]
[Date "2020.04.28"]
[Round "7"]
[White "Bathory44"]
[Black "mamey78"]
[Result "1-0"]
[WhiteElo "2577"]
[BlackElo "2404"]
[TimeControl "180+1"]
[EndTime "11:15:55 PDT"]
[Termination "Bathory44 won on time"]

1. e4 e5 2. Nf3 Nc6 3. Bb5 a6 4. Ba4 Nf6 5. O-O b5 6. Bb3 Be7 7. d3 O-O 8. Nc3 Bb7 9. Re1 b4 10. Nd5 Na5 11. Nxe7+ Qxe7 12. Bg5 h6 13. Bh4 Nxb3 14.
axb3 Qe6 15. Ra5 d6 16. Qd2 c5 17. h3 Nh5 18. d4 1-0

[Event "*** Titled Tuesday Blitz"]
[Site "Chess.com"]
[Date "2020.04.28"]
[Round "7"]
[White "harkerchess"]
[Black "levallem"]
[Result "0-1"]
[WhiteElo "2013"]
[BlackElo "2215"]
[TimeControl "180+1"]
[EndTime "11:15:56 PDT"]
[Termination "levallem won by resignation"]

1. d4 Nf6 2. Bg5 Ne4 3. Bf4 d5 4. Nd2 Bf5 5. f3 Nxd2 6. Qxd2 Nd7 7. e3 Nf6 8. Bd3 Bxd3 9. Qxd3 e6 10. Ne2 Bd6 11. Bxd6 cxd6 12. e4 dxe4 13. fxe4 O-O 14. O-O Rc8 15. c3 Qb6 16. Rab1 e5 17. Kh1 exd4 18. cxd4 Rfe8 19. Nc3 Re6 20. Rf4 Rce8 21. g4 h6 22. h4 h5 23. g5 Ng4 24. Nd5 Qc6 25. Kg2 Rxe4 26. Rxe4 Qxd5 27. Re1 f5 28.
gxf6 Nxf6 29. Kf3 Qf5+ 0-1

[Event "*** Titled Tuesday Blitz"]
[Site "Chess.com"]
[Date "2020.04.28"]
[Round "7"]
[White "MiroVlasenko"]
[Black "vizumatv4hoda"]
[Result "0-1"]
[WhiteElo "2608"]
[BlackElo "2768"]
[TimeControl "180+1"]
[EndTime "11:15:59 PDT"]
[Termination "vizumatv4hoda won by resignation"]

1. d4 Nf6 2. Bg5 g6 3. Bxf6 exf6 4. g3 c5 5. Bg2 cxd4 6. Qxd4 Nc6 7. Qe3+ Be7 8. Nc3 O-O 9. Nd5 d6 10. Nh3 Bxh3 11.
Bxh3 Qa5+ 12. Nc3 d5 13. Qd2 Bb4 14. a3 d4 15. axb4 Qxa1+ 16. Nd1 Qa4 17. O-O Qxb4 18.
Qf4 Kg7 19. Bg2 Rfe8 20. Be4 f5 21.
Bd3 Re7 22. h4 Rd8 23. h5 h6 24. hxg6 fxg6 25. Kg2 Qd6 26. Qd2 Ne5 27. Rh1 Qd5+ 28. f3 Rde8 29. Qxh6+ Kf7 30. Qh7+ Ke6 31. Qh6 Kd7 32.
Nf2 Nxd3 33. cxd3 Rxe2 34. Qxg6 Qe6 35. Rh7+ Kc8 36. Qg7 Rxf2+ 37. Kh3 Qc6 38. Qxd4 Rf1 39. b4 Rh1+ 0-1

[Event "*** Titled Tuesday Blitz"]
[Site "Chess.com"]
[Date "2020.04.28"]
[Round "7"]
[White "Baby_Shak"]
[Black "Gyapiking"]
[Result "1-0"]
[WhiteElo "2370"]
[BlackElo "2480"]
[TimeControl "180+1"]
[EndTime "11:15:59 PDT"]
[Termination "Baby_Shak won by resignation"]

1. d4 d6 2. Nc3 g6 3. e4 c6 4. Be3 Nf6 5. f3 b5 6. Qd2 Nbd7 7. O-O-O Nb6 8. Bd3 Nc4 9. Bxc4 bxc4 10. Qe2 d5 11. e5 Nd7 12. e6 fxe6 13. h4 Nf6 14. Bf4 Nh5 15. Be5 Bh6+ 16. Kb1 Bg7 17. g4 Nf6 18. h5 g5 19. h6 Bf8 20. Na4 Rg8 21.
Nc5 Rg6 22. c3 Nd7 23. Nxd7 Bxd7 24. f4 gxf4 25. Nh3 Bxh6 26. g5 Bf8 27. Nxf4 Qb6 28. Nxg6 hxg6 29. Rh8 O-O-O 30. Rf1 1-0

[Event "*** Titled Tuesday Blitz"]
[Site "Chess.com"]
[Date "2020.04.28"]
[Round "7"]
[White "NFChess13"]
[Black "nadirsm"]
[Result "1-0"]
[WhiteElo "2394"]
[BlackElo "2112"]
[TimeControl "180+1"]
[EndTime "11:16:02 PDT"]
[Termination "NFChess13 won by resignation"]

1. e4 c6 2. d4 d5 3. Nc3 dxe4 4.
Nxe4 Nf6 5. Nxf6+ exf6 6. c3 Bd6 7. Bd3 O-O 8. Ne2 Re8 9. O-O Nd7 10. Bf4 Nf8 11. Qd2 Bg4 12. Rfe1 Bxe2 13. Rxe2 Rxe2 14. Bxe2 Ng6 15. Bg3 Bxg3 16. hxg3 Qe7 17. Bd3 Re8 18. Kf1 h5 19. Re1 Qxe1+ 20. Qxe1 Rxe1+ 21. Kxe1 Ne7 22. b4 g5 23. Kd2 Kg7 24. a4 f5 25.
b5 Kf6 26. c4 Ke6 27. Kc3 cxb5 28. axb5 b6 29. c5 Kd5 30. Bc4+ Ke4 31. Bxf7 1-0

[Event "*** Titled Tuesday Blitz"]
[Site "Chess.com"]
[Date "2020.04.28"]
[Round "7"]
[White "Sychev_Klementy"]
[Black "Zkid"]
[Result "1-0"]
[WhiteElo "2886"]
[BlackElo "2814"]
[TimeControl "180+1"]
[EndTime "11:16:05 PDT"]
[Termination "Sychev_Klementy won by resignation"]

1. e4 e6 2. d4 d5 3. Nc3 Bb4 4.
e5 c5 5. a3 Bxc3+ 6. bxc3 Qa5 7. Bd2 Qa4 8. Qg4 Kf8 9. h4 Qxc2 10. Rc1 Qg6 11. Qf3 Nc6 12. Bd3 f5 13. h5 Qg4 14. Qxg4 fxg4 15. Rh4 Nh6 16. Bxh6 gxh6 17. Rxg4 Bd7 18. Nf3 cxd4 19. cxd4 Be8 20. Rf4+ Kg7 21. g4 Bd7 22. Kd2 Rhf8 23. Rxf8 Rxf8 24. Ke3 Rc8 25. g5 Nxe5 26. Rxc8 Ng4+ 27. Kf4 Bxc8 28. Kxg4 e5+ 29. Bf5 Bxf5+ 30. Kxf5 exd4 31. Nxd4 hxg5 32. Kxg5 a6 33. h6+ Kf7 34. Kf5 b5 35. f4 Ke7 36. Ke5 1-0

[Event "*** Titled Tuesday Blitz"]
[Site "Chess.com"]
[Date "2020.04.28"]
[Round "7"]
[White "Blitzking642"]
[Black "Caterpiller35"]
[Result "0-1"]
[WhiteElo "2306"]
[BlackElo "2307"]
[TimeControl "180+1"]
[EndTime "11:16:07 PDT"]
[Termination "Caterpiller35 won by resignation"]

1. d4 Nf6 2. c4 e6 3. Nc3 Bb4 4. Qc2 O-O 5. a3 Bxc3+ 6. Qxc3 d5 7. Bf4 Ne4 8. Qc2 c5 9. dxc5 Nc6 10. e3 Qa5+ 11. Kd1 Nb4 12. Qb1 Nxf2+ 13. Ke2 Nxh1 14. axb4 Qxb4 15. Bd6 Qxc4+ 16. Qd3 Qxd3+ 17. Kxd3 Nf2+ 18.
Ke2 Ne4 19. Bxf8 Kxf8 20. Nf3 f6 21. Nd4 Ke7 22. b4 Bd7 23. Ke1 e5 24. Nb5 Bxb5 25. Bxb5 a6 26. Bd3 Rc8 27. Ke2 f5 28. Rf1 g6 29. Rg1 h5 30. g3 a5 31. bxa5 Rxc5 32. Rb1 Nc3+ 0-1

[Event "*** Titled Tuesday Blitz"]
[Site "Chess.com"]
[Date "2020.04.28"]
[Round "7"]
[White "BillieKimbah"]
[Black "ftorodent"]
[Result "1-0"]
[WhiteElo "2850"]
[BlackElo "2677"]
[TimeControl "180+1"]
[EndTime "11:16:08 PDT"]
[Termination "BillieKimbah won by resignation"]

1. d4 d5 2. c4 e6 3. Nf3 Nf6 4. g3 Be7 5. Bg2 O-O 6. Qc2 c5 7. dxc5 Na6 8. O-O dxc4 9. Qxc4 Nxc5 10. Nc3 a6 11. Rd1 Qe8 12. b4 Na4 13. Ne5 b5 14. Qb3 Nxc3 15. Qxc3 Nd5 16. Bxd5 exd5 17.
Bb2 Be6 18. Nd7 f6 19. Nxf8 Qxf8 20. a3 Rc8 21. Qe3 Qf7 22. Rac1 Rc4 23. Rxc4 dxc4 24. Bd4 h6 25. Bc5 Bxc5 26. Qxc5 Bg4 27. f3 Bh5 28.
Rd8+ Kh7 29. Rf8 Qe6 30. Qxh5 1-0

[Event "*** Titled Tuesday Blitz"]
[Site "Chess.com"]
[Date "2020.04.28"]
[Round "7"]
[White "jacky72"]
[Black "GamayevOleg"]
[Result "1/2-1/2"]
[WhiteElo "2692"]
[BlackElo "2514"]
[TimeControl "180+1"]
[EndTime "11:16:08 PDT"]
[Termination "Game drawn - insufficient material"]

1. Nf3 d6 2. c4 e5 3. Nc3 Nf6 4. g3 c6 5. Bg2 Be7 6. O-O O-O 7.
b3 Qc7 8. Bb2 Re8 9. d4 exd4 10.
Nxd4 Bf8 11. Qd2 Nbd7 12. Rad1 Nb6 13. h3 a5 14. e4 a4 15. Rfe1 axb3 16. axb3 Nbd7 17.
f4 Nc5 18. b4 Ncd7 19. Kh2 h6 20. Nf5 Nb6 21. Bf1 Bxf5 22. exf5 Rxe1 23. Rxe1 Re8 24.
Rxe8 Nxe8 25. Qe3 Nf6 26. Ne4 Nxe4 27. Qxe4 d5 28. cxd5 Nxd5 29. b5 Qb6 30. Bd4 Qa5 31.
bxc6 bxc6 32. h4 Qd2+ 33. Bg2 Qb4 34. Qe5 Qc4 35. Ba1 Qd3 36. Qe8 Ne3 37. Qxc6 Nxf5 38. Qf3 Qxf3 39. Bxf3 g6 40. h5 Bg7 41. Bxg7 Kxg7 42.
hxg6 fxg6 43. Kg2 g5 44. Be4 Nd6 45. Bd3 gxf4 46. gxf4 Kf6 47. Kg3 Nb7 48. Kg4 Nc5 49.
Bf5 Nb3 50. Kh5 Kg7 51. Bb1 Nd4 52. Bd3 Ne6 53. Kg4 Nxf4 54. Kxf4 h5 55. Kg3 h4+ 56. Kxh4 1/2-1/2

[Event "*** Titled Tuesday Blitz"]
[Site "Chess.com"]
[Date "2020.04.28"]
[Round "7"]
[White "ChessTraining77"]
[Black "Malysch"]
[Result "1-0"]
[WhiteElo "2544"]
[BlackElo "2387"]
[TimeControl "180+1"]
[EndTime "11:16:08 PDT"]
[Termination "ChessTraining77 won by resignation"]

1. e4 c5 2. Nf3 d6 3. Bb5+ Bd7 4. Bxd7+ Qxd7 5. c4 Nf6 6. Nc3 g6 7. d4 cxd4 8. Nxd4 Bg7 9. f3 O-O 10. Be3 Nc6 11. O-O a6 12. a4 Rfc8 13. b3 Qd8 14. Qd2 h5 15. Rab1 Kh7 16. Rfd1 Qf8 17. Nde2 Bh6 18. Nf4 Ne5 19. h3 Qd8 20. Nfd5 Bxe3+ 21. Qxe3 Nxd5 22. exd5 Nd7 23. Re1 Ne5 24. f4 Nd7 25. Qxe7 Rc7 26. Qxf7+ 1-0

[Event "*** Titled Tuesday Blitz"]
[Site "Chess.com"]
[Date "2020.04.28"]
[Round "7"]
[White "Gahan-MG"]
[Black "VerdeNotte"]
[Result "0-1"]
[WhiteElo "2686"]
[BlackElo "2817"]
[TimeControl "180+1"]
[EndTime "11:16:10 PDT"]
[Termination "VerdeNotte won by resignation"]

1. e4 e5 2. Nf3 Nc6 3. d4 exd4 4. Nxd4 Nf6 5. Nc3 Bb4 6. Nxc6 bxc6 7. Bd3 d5 8. exd5 O-O 9. O-O cxd5 10. Bg5 Be6 11. Qf3 h6 12. Bxf6 Qxf6 13. Qxf6 gxf6 14. Ne2 Bd6 15.
Rae1 c5 16. Ng3 Rab8 17. b3 c4 18. Bf5 Rfe8 19. Re3 d4 20. Re4 Bc5 21. Rfe1 Bb4 22. Rd1 d3 23. cxd3 c3 24. Rc4 Bxc4 25. dxc4 Rbd8 26.
Rc1 Rd2 27. Ne4 c2 28. Nxf6+ Kf8 29. Bg4 Rd1+ 0-1

[Event "*** Titled Tuesday Blitz"]
[Site "Chess.com"]
[Date "2020.04.28"]
[Round "7"]
[White "wild_cat99"]
[Black "Gareth-Bale11"]
[Result "1-0"]
[WhiteElo "2574"]
[BlackElo "2729"]
[TimeControl "180+1"]
[EndTime "11:16:11 PDT"]
[Termination "wild_cat99 won by checkmate"]

1. Nf3 d5 2. e3 Nf6 3. c4 e6 4. b3 b6 5. Bb2 Bb7 6. g3 Be7 7. Bg2 O-O 8. O-O c5 9. cxd5 exd5 10. d4 Nbd7 11. dxc5 bxc5 12. Nc3 Nb6 13. Qd2 Re8 14. Rfd1 Rc8 15. Rac1 Qc7 16. Ne2 Ne4 17. Qd3 Qb8 18.
Ne5 f6 19. Nf3 Qa8 20. Nf4 a5 21. Bh3 Rcd8 22. Be6+ Kh8 23. Qf1 Bc8 24. Ng6+ hxg6 25. Qh3# 1-0

[Event "*** Titled Tuesday Blitz"]
[Site "Chess.com"]
[Date "2020.04.28"]
[Round "7"]
[White "garicradomir"]
[Black "NewBornNow"]
[Result "0-1"]
[WhiteElo "2367"]
[BlackElo "2627"]
[TimeControl "180+1"]
[EndTime "11:16:11 PDT"]
[Termination "NewBornNow won by resignation"]

1. e4 c5 2. Nf3 d6 3. Bb5+ Nd7 4. Ba4 Nf6 5. O-O Nxe4 6. d4 cxd4 7. Re1 Nc5 8. Qxd4 Nxa4 9. Qxa4 e6 10. c4 Be7 11.
Nc3 O-O 12. Bf4 e5 13. Be3 f5 14. Rad1 f4 15. Bc1 Nc5 16. Qa3 Bg4 17. Nd5 a5 18.
Rd2 e4 19. Ne5 dxe5 20. Nf6+ gxf6 21. Rxd8 Rfxd8 22. h3 Bh5 23. g4 Bf7 24. Kh2 Rd3 25. b3 Bf8 26. Qb2 Rf3 27. Kg2 Nd3 28. Qe2 Rxf2+ 0-1

[Event "*** Titled Tuesday Blitz"]
[Site "Chess.com"]
[Date "2020.04.28"]
[Round "7"]
[White "Valuebet2000"]
[Black "StephenDedalus83"]
[Result "0-1"]
[WhiteElo "2573"]
[BlackElo "2789"]
[TimeControl "180+1"]
[EndTime "11:16:15 PDT"]
[Termination "StephenDedalus83 won by resignation"]

1. d4 g6 2. e4 Bg7 3. Be3 d6 4. f3 Nd7 5. Qd2 c5 6. Nc3 cxd4 7. Bxd4 Ngf6 8. Bc4 O-O 9. Nge2 a6 10. a4 b6 11. O-O Bb7 12. Be3 Ne5 13. Bb3 Rc8 14. Nd4 Nc4 15. Bxc4 Rxc4 16. b3 Rc8 17. Nce2 Nd7 18.
c4 Nc5 19. Rab1 a5 20. Nb5 Qd7 21. Bd4 f6 22. Ba1 Rcd8 23. Nec3 Bc6 24. Nd5 Qb7 25.
h4 Rf7 26. h5 gxh5 27. Nf4 Bh6 28. Bd4 e5 29. Be3 exf4 30. Bxf4 Bxf4 31. Qxf4 Bxb5 32. axb5 Qe7 33. b4 axb4 34. Rxb4 Qe5 35. Qh4 Qg5 36. Qh2 h4 37. Rd1 Rg7 38. Rb2 Qg3 39. Rbd2 Qxf3 40. Rxd6 Qxd1+ 41. Rxd1 Rxd1+ 42. Kf2 Nxe4+ 43.
Ke3 Ng3 44. Qh3 Re7+ 45. Kf4 Rd4+ 46. Kf3 f5 0-1

[Event "*** Titled Tuesday Blitz"]
[Site "Chess.com"]
[Date "2020.04.28"]
[Round "7"]
[White "Firehand33"]
[Black "Guenplen"]
[Result "0-1"]
[WhiteElo "2746"]
[BlackElo "2952"]
[TimeControl "180+1"]
[EndTime "11:16:16 PDT"]
[Termination "Guenplen won by resignation"]

1. g3 d5 2. Bg2 c6 3. Nf3 Bg4 4. c4 e6 5. cxd5 Bxf3 6. Bxf3 cxd5 7. O-O Nc6 8. Nc3 Nf6 9. Bg2 Be7 10. d3 O-O 11.
Bd2 Rc8 12. a3 Qd7 13. b4 Rfd8 14. Rc1 h6 15. Qb3 Nd4 16. Qb2 Ne8 17. e3 Nc6 18. Na4 Bf6 19. d4 Nxd4 20. exd4 Qxa4 21. Rxc8 Rxc8 22. Rc1 Rxc1+ 23. Qxc1 Bxd4 24. Bf1 Qc6 25. Qxc6 bxc6 26. Bf4 e5 27. Bc1 Nd6 28. Kg2 f5 29. a4 Kf7 30. b5 cxb5 31. axb5 Ke6 32. Ba3 Nc4 33. Bf8 Kf7 34. Bb4 h5 35. Bd3 e4 36.
Bc2 g6 37. Kf1 Ke6 38. Ke2 Bb6 39. Bb3 Ne5 40. Bc2 Nf3 0-1

[Event "*** Titled Tuesday Blitz"]
[Site "Chess.com"]
[Date "2020.04.28"]
[Round "7"]
[White "praveenb2002"]
[Black "Anton_Demchenko"]
[Result "0-1"]
[WhiteElo "2725"]
[BlackElo "2856"]
[TimeControl "180+1"]
[EndTime "11:16:19 PDT"]
[Termination "Anton_Demchenko won by resignation"]

1. e4 e5 2. Nf3 Nc6 3. Bb5 a6 4. Ba4 Nge7 5. c3 d6 6. d4 Bd7 7. Bb3 h6 8. Nbd2 Ng6 9. Nc4 Be7 10. Ne3 O-O 11. g3 a5 12. O-O a4 13.
Bc2 b5 14. Qe2 exd4 15. cxd4 Nb4 16. Bb1 c5 17. Rd1 cxd4 18. Nxd4 Qb8 19. Ndf5 Re8 20.
Qd2 Nc6 21. Nxd6 Rd8 22. e5 Ncxe5 23. f4 Nf3+ 0-1

[Event "*** Titled Tuesday Blitz"]
[Site "Chess.com"]
[Date "2020.04.28"]
[Round "7"]
[White "ChessMavenYeti"]
[Black "InitiatingASC"]
[Result "0-1"]
[WhiteElo "2171"]
[BlackElo "2405"]
[TimeControl "180+1"]
[EndTime "11:16:20 PDT"]
[Termination "InitiatingASC won by resignation"]

1. d4 d5 2. Bf4 e6 3. e3 Bd6 4.
Bg3 Nf6 5. Nf3 Nbd7 6. c3 Nf8 7. Nbd2 Ng6 8. Ne5 O-O 9. f4 c5 10. Bd3 b6 11. h4 Bb7 12. h5 Ne7 13. h6 g6 14. Bh4 Ne4 15. Ndf3 f6 16. Ng4 Nf5 17. Qe2 Neg3 18. Bxg3 Nxg3 19. Qf2 Nxh1 20. Qh4 f5 21. Ng5 fxg4 22. O-O-O Be7 23. Rxh1 Bxg5 24. fxg5 Qe7 25. Qxg4 Rf7 26. a3 Raf8 27. Kb1 e5 28. dxe5 Qxe5 29.
Rh3 Bc8 30. Bxg6 Bxg4 0-1

[Event "*** Titled Tuesday Blitz"]
[Site "Chess.com"]
[Date "2020.04.28"]
[Round "7"]
[White "cukin84"]
[Black "tteshan"]
[Result "1-0"]
[WhiteElo "2095"]
[BlackElo "2230"]
[TimeControl "180+1"]
[EndTime "11:16:21 PDT"]
[Termination "cukin84 won by resignation"]

1. e4 c6 2. d4 d5 3. exd5 cxd5 4. Bd3 Nf6 5. h3 Nc6 6. c3 e6 7.
Nf3 Bd6 8. O-O O-O 9. Re1 a6 10. Nbd2 b5 11. a3 Bb7 12. Ne5 Qc7 13. f4 Rac8 14. Ndf3 Na5 15. Bc2 Ne4 16. Bxe4 dxe4 17. Ng5 f6 18. Nxe6 Qe7 19. Nxf8 fxe5 20. dxe5 Bb8 21. b4 Nc4 22. Qd7 Ba7+ 23. Kh2 Kxf8 24. Qf5+ Kg8 25. a4 Bf2 26. Rd1 Bc6 27. Qxc8+ Kf7 28.
Qxc6 Qh4 29. Rd7+ 1-0